 Dungeon Crawl Stone Soup version 0.29-a0-723-gce39da1c22 (webtiles) character file.

Game seed: 14861728756155618451

22929 blackman the Severer (level 13, 0/116 HPs)
             Began as a Hill Orc Monk on June 28, 2022.
             Was an Elder of Beogh.
             Shot with an arrow by a centaur warrior (5 damage)
             ... on level 13 of the Dungeon.
             The game lasted 00:38:15 (20867 turns).

blackman the Severer (Hill Orc Monk)               Turns: 20867, Time: 00:38:16

Health: 0/116      AC: 32    Str: 19    XL:     13   Next: 3%
Magic:  13/13      EV:  5    Int: 10    God:    Beogh [****..]
Gold:   937        SH: 12    Dex: 13    Spells: 12/12 levels left

rFire   . . .      SeeInvis +   q - +1 broad axe
rCold   . . .      Faith    .   y - +0 kite shield
rNeg    . . .      Spirit   .   M - +10 plate armour {ponderous}
rPois   .          Reflect  .   G - +0 helmet
rElec   .          Harm     .   N - +0 cloak
rCorr   .          Rampage  .   o - +0 pair of gloves
Will    .....                   w - +0 pair of boots
Stlth   ..........              (no amulet)
HPRegen 0.29/turn               d - +4 ring of protection
MPRegen 0.13/turn               i - ring of see invisible

@: attractive, slow
A: no striking features
a: Renounce Religion, Smiting, Recall Orcish Followers


You were on level 13 of the Dungeon.
You worshipped Beogh.
Beogh was greatly pleased with you.
You visited 2 branches of the dungeon, and saw 14 of its levels.
You also visited: Ossuary and Bailey.

You collected 1861 gold pieces.
You spent 924 gold pieces at shops.

Inventory:

Hand Weapons
 q - a +1 broad axe (weapon)
 s - a +0 sling
 x - a +2 vorpal halberd
Missiles
 j - 2 silver boomerangs (quivered)
 C - 3 javelins
 F - 2 curare-tipped darts
 I - 19 poisoned darts
Armour
 o - a +0 pair of gloves (worn)
 w - a +0 pair of boots (worn)
 y - a +0 kite shield (worn)
 E - a +3 chain mail
 G - a +0 helmet (worn)
 M - a +10 plate armour of ponderousness (worn)
 N - a +0 cloak (worn)
Jewellery
 d - a +4 ring of protection (left hand)
 i - a ring of see invisible (right hand)
 m - a ring of fire
 H - a +6 ring of strength
 Q - a +6 ring of strength
 R - a ring of magical power
 S - a +4 ring of protection
Wands
 b - a wand of digging (14)
 c - a wand of flame (35)
 D - a wand of paralysis (11)
 K - a wand of iceblast (3)
 O - a wand of mindburst (7)
Scrolls
 a - 4 scrolls of identify
 f - 2 scrolls of blinking
 g - 7 scrolls of teleportation
 h - 2 scrolls of fog
 r - 2 scrolls of amnesia
 t - 4 scrolls of fear
 z - 4 scrolls of vulnerability
 A - 4 scrolls of magic mapping
 L - a scroll of immolation
 T - a scroll of brand weapon {unknown}
Potions
 e - 3 potions of might
 k - 4 potions of curing
 l - 3 potions of berserk rage
 n - 4 potions of mutation
 p - 4 potions of haste
 u - a potion of heal wounds
 v - 3 potions of attraction
 B - 2 potions of lignification
 J - 2 potions of cancellation
Miscellaneous
 P - a tin of tremorstones (inert)


   Skills:
 - Level 11.5 Fighting
 - Level 18.7 Axes
 * Level 7.2 Armour
 - Level 2.4 Dodging
 - Level 1.5 Stealth
 * Level 12.3 Shields


You had 12 spell levels left.
You didn't know any spells.
Your spell library contained the following spells:

 Spells                   Type           Power      Damage    Failure   Level
 Slow                     Hex            0%         N/A       100%        1
 Static Discharge         Conj/Air       0%         N/A       100%        2
 Confusing Touch          Hex            0%         N/A       100%        3
 Stone Arrow              Conj/Erth      0%         3d7       100%        3
 Tukima's Dance           Hex            0%         N/A       100%        3
 Vampiric Draining        Necr           0%         2d6       100%        3
 Animate Armour           Summ/Erth      0%         N/A       100%        4
 Animate Dead             Necr           0%         N/A       100%        4
 Passage of Golubria      Tloc           0%         N/A       100%        4
 Alistair's Intoxication  Tmut/Pois      0%         N/A       100%        5
 Borgnjor's Vile Clutch   Necr/Erth      0%         N/A       100%        5
 Lightning Bolt           Conj/Air       0%         1d11      100%        5
 Silence                  Hex/Air        0%         N/A       100%        5
 Yara's Violent Unravell  Hex/Tmut       0%         3d3       100%        5
 Eringya's Noxious Bog    Tmut/Pois      0%         N/A       100%        6
 Haunt                    Necr/Summ      0%         N/A       100%        7
 Infestation              Necr           0%         N/A       100%        8
 Lehudib's Crystal Spear  Conj/Erth      0%         10d2      100%        8
 Maxwell's Capacitive Co  Air            0%         ∞         100%        8


Dungeon Overview and Level Annotations

Branches:
Dungeon (13/15)            Temple (1/1) D:4            Lair (0/6) D:9
    Orc (0/2) D:9         Ossuary (visited)          Bailey (visited)
 Vaults: D:13-14

Altars:
Ashenzari
Cheibriados
Dithmenos
Elyvilon
Fedhas
Gozag
Hepliaklqana
Kikubaaqudgha
Makhleb
Nemelex Xobeh
Okawaru
Qazlal
Ru
Sif Muna
Trog
Uskayaw
Vehumet
Wu Jian
Xom
Yredelemnul
Zin
The Shining One

Shops:
D:1 (   D:3 [   D:4 [   D:6 !   D:11 *


Message History

An unseen horror comes into view.
You barely miss the unseen horror.
The unseen horror hits you but does no damage.
A centaur warrior comes into view.
The centaur warrior shouts!
The unseen horror hits you but does no damage.
The unseen horror hits you but does no damage.
The centaur warrior wields a +0 shortbow of freezing.
It is covered in frost.
The centaur warrior shoots an arrow.
The arrow hits the unseen horror!!
The arrow freezes the unseen horror.
A centaur warrior comes into view.
The centaur warrior shoots an arrow.
The arrow barely misses the unseen horror.
The arrow closely misses you.
The centaur warrior shouts!
You hit the unseen horror.
The unseen horror is severely wounded.
You block the unseen horror's attack.
The centaur warrior wields a +0 shortbow.
The centaur warrior shoots an arrow.
The arrow hits the unseen horror!
The unseen horror dies!
The centaur warrior shoots an arrow.
The arrow hits you!! The arrow freezes you.
The centaur warrior shoots an arrow.
The arrow completely misses you.
The centaur warrior shoots an arrow.
You block the arrow.
The centaur warrior shoots an arrow.
The arrow hits you!
The centaur warrior shoots an arrow.
The arrow hits you. The arrow freezes you.
The centaur warrior shoots an arrow.
The arrow hits you!!
The centaur warrior shoots an arrow.
The arrow hits you!
* * * LOW HITPOINT WARNING * * *
The arrow freezes you!
* * * LOW HITPOINT WARNING * * *
The centaur warrior shoots an arrow.
The arrow hits you but does no damage.
You feel attractive to monsters.
The centaur warrior shoots an arrow.
The arrow hits you!!
* * * LOW HITPOINT WARNING * * *
The arrow freezes you.
* * * LOW HITPOINT WARNING * * *
The centaur warrior shoots an arrow.
The arrow hits you.
You die...

...........
..........
..........
....c....
....c....
........#
###.....##
#......@.##
.....###..##
... ##..## .
##..##
##..##
##..##
##..##
##..## ##..#


You could see 2 centaur warriors.

Vanquished Creatures
  Josephine (D:10)
  A boulder beetle (D:12)
  2 two-headed ogres
  3 skeletal warriors (D:12)
  An orc knight (Bailey)
  2 cyclopes
  An orc sorcerer (Bailey)
  2 gargoyles
  A komodo dragon (D:11)
  An unseen horror (D:12)
  A kobold demonologist (Bailey)
  4 trolls
  5 slime creatures
  A shadow (D:12)
  5 wraiths
  4 wyverns
  A basilisk (D:9)
  31 yaks
  2 steam dragons
  4 vampire mosquitoes
  3 water moccasins
  14 orc warriors
  2 ice beasts (D:8)
  2 sky beasts (D:8)
  4 centaurs
  5 wolves (D:9)
  An ogre (D:5)
  A phantom (D:6)
  4 kobold brigands
  5 bullfrogs
  2 necrophages
  A gnoll sergeant (D:8)
  4 wights (D:7)
  5 killer bees (D:8)
  5 electric eels (Bailey)
  3 howler monkeys (D:9)
  A quasit (D:5)
  2 centaur zombies (Ossuary)
  4 orc priests
  A hound (D:4)
  2 human zombies (Ossuary)
  A jelly (D:5)
  An iron imp (D:8)
  2 gnoll shamans
  3 iguanas
  Natasha (thrice) (D:2)
  6 orc wizards
  A hound zombie (Ossuary)
  3 mummies (Ossuary)
  16 gnolls
  13 adders
  2 shadow imps (D:5)
  2 ufetubi
  6 adder zombies (Ossuary)
  5 worms
  2 dart slugs
  31 orcs
  9 ball pythons
  A bat (D:3)
  7 endoplasms
  A giant cockroach (D:1)
  9 goblins
  12 hobgoblins
  4 jackals (D:2)
  18 kobolds
  4 quokkas
  4 frilled lizards
  2 gnoll zombies (Ossuary)
  3 goblin zombies (Ossuary)
  3 hobgoblin zombies (Ossuary)
  5 jackal zombies (Ossuary)
  4 kobold zombies (Ossuary)
  2 orc zombies (Ossuary)
  3 quokka zombies (Ossuary)
  5 rats
  3 rat zombies (Ossuary)
340 creatures vanquished.

Vanquished Creatures (collateral kills)
  Erica (D:10)
  A deep elf pyromancer (D:12)
  2 cyclopes
  A troll (D:9)
  A slime creature (D:12)
  3 yaks
  A wyvern (D:9)
  A scorpion (D:9)
  2 orc priests
  4 orcs
17 creatures vanquished.

Vanquished Creatures (others)
  2 orc knights (D:12)
  2 orc warriors (D:10)
  An unseen horror (D:13)
  An orc priest (D:7)
  3 orc wizards
  An adder (D:2)
  3 orcs
  9 plants (D:9)
22 creatures vanquished.

Grand Total: 379 creatures vanquished

Notes
Turn   | Place    | Note
-------+----------+-------------------------------------------
     0 | D:1      | blackman the Hill Orc Monk began the quest for the Orb.
     0 | D:1      | Reached XP level 1. HP: 19/19 MP: 1/1
    20 | D:1      | Found Ylyjorhi's Antique Weapon Boutique.
    44 | D:1      | Found a faded altar of an unknown god.
   304 | D:1      | Reached XP level 2. HP: 26/26 MP: 2/2
   747 | D:1      | Reached skill level 5 in Axes
  1035 | D:2      | Noticed Natasha
  1047 | D:2      | Killed Natasha
  1048 | D:2      | Reached skill level 6 in Axes
  1048 | D:2      | Reached XP level 3. HP: 19/31 MP: 3/3
  1621 | D:2      | Reached XP level 4. HP: 34/39 MP: 4/4
  1703 | D:2      | Noticed Natasha
  1731 | D:2      | Killed Natasha
  1763 | D:2      | Noticed Natasha
  1786 | D:2      | Killed Natasha
  1787 | D:2      | Reached skill level 7 in Axes
  1933 | D:2      | Reached XP level 5. HP: 44/45 MP: 5/5
  2731 | D:3      | Identified the +1 leather armour of the Sea {rElec Will+
                  | MP+9 Str-5}
  2848 | D:3      | Reached skill level 8 in Axes
  3121 | D:3      | Found Nezagasy's Antique Armour Boutique.
  3296 | D:1      | Bought a runed halberd for 154 gold pieces
  3697 | D:4      | Found Houkagaz's Antique Armour Shoppe.
  3805 | D:4      | Found a staircase to the Ecumenical Temple.
  3822 | D:4      | Reached XP level 6. HP: 49/51 MP: 6/6
  3831 | Temple   | Entered the Ecumenical Temple
  4243 | D:4      | Reached skill level 9 in Axes
  4778 | D:5      | Entered Level 5 of the Dungeon
  4799 | D:5      | Found an opulent altar of Gozag.
  4843 | D:5      | Noticed a water moccasin
  4849 | D:5      | Killed a water moccasin
  4875 | D:5      | Reached skill level 10 in Axes
  4875 | D:5      | Reached XP level 7. HP: 57/57 MP: 7/7
  5036 | D:5      | Found a sand-covered staircase.
  5048 | Ossuary  | Entered an ossuary
  5310 | Ossuary  | Reached skill level 11 in Axes
  5692 | D:5      | Found a glowing silver altar of Zin.
  5803 | D:5      | Reached skill level 12 in Axes
  5803 | D:5      | Reached XP level 8. HP: 63/64 MP: 8/8
  6694 | D:6      | Reached skill level 13 in Axes
  6849 | D:6      | Found Unadow's Distillery.
  7480 | D:6      | Noticed a two-headed ogre
  7488 | D:6      | Killed a two-headed ogre
  7489 | D:6      | Reached skill level 15 in Axes
  7489 | D:6      | Reached XP level 9. HP: 45/70 MP: 9/9
  7642 | D:6      | Noticed a gargoyle
  7652 | D:6      | Killed a gargoyle
  7653 | D:6      | Reached skill level 16 in Axes
  7941 | D:7      | Became a worshipper of Beogh the Brigand
  7941 | D:7      | Reached * piety under Beogh
  7941 | D:7      | Reached ** piety under Beogh
  8107 | D:7      | Found an ornate altar of the Wu Jian Council.
  8246 | D:7      | Found a flagged portal.
  8256 | Bailey   | Entered a bailey
  8538 | Bailey   | Noticed an orc knight
  8557 | Bailey   | Killed an orc knight
  8558 | Bailey   | Reached skill level 17 in Axes
  8920 | Bailey   | Reached XP level 10. HP: 49/77 MP: 10/10
  9351 | Bailey   | Reached skill level 18 in Axes
  9499 | Bailey   | Noticed an orc sorcerer
  9504 | Bailey   | Paralysed by an orc sorcerer for 4 turns
  9511 | Bailey   | Killed an orc sorcerer
 10102 | Bailey   | Identified the +9 hand axe "Yfungi Xoas" {flame, rPois
                  | Str+4}
 10102 | Bailey   | Identified the +0 scale mail of the Modern Visions {rElec
                  | Regen+ Int+4}
 10105 | Bailey   | Noticed a kobold demonologist
 10108 | Bailey   | Found an iron altar of Okawaru.
 10110 | Bailey   | Noticed an orange demon
 10118 | Bailey   | HP: 3/77 [orc warrior/the +9 hand axe "Yfungi Xoas" {flame,
                  | rPois Str+4} (11)]
 10118 | Bailey   | HP: 1/77 [orc warrior/the +9 hand axe "Yfungi Xoas" {flame,
                  | rPois Str+4} (2)]
 10133 | Bailey   | Was placed under penance by Beogh
 10143 | Bailey   | Noticed a sixfirhy
 10143 | Bailey   | Killed a kobold demonologist
 10144 | Bailey   | Reached skill level 1 in Shields
 10571 | Bailey   | Reached skill level 5 in Fighting
 10607 | Bailey   | Acquired 873 gold pieces
 10849 | D:7      | Was forgiven by Beogh
 10987 | D:7      | Identified the +4 hand axe of Jedeicvo {vorpal, Stlth+}
 11131 | D:3      | Bought a helmet for 99 gold pieces
 11131 | D:3      | Bought a shiny plate armour for 572 gold pieces
 11131 | D:3      | Bought a cloak for 99 gold pieces
 12166 | D:8      | Reached skill level 5 in Shields
 12698 | D:8      | Reached *** piety under Beogh
 12703 | D:8      | Reached XP level 11. HP: 83/92 MP: 11/11
 12777 | D:8      | Found a bloodstained altar of Trog.
 12932 | D:8      | Found a snail-covered altar of Cheibriados.
 13799 | D:9      | Found a staircase to the Lair.
 13802 | D:9      | Reached **** piety under Beogh
 14544 | D:9      | Noticed a cyclops
 14551 | D:9      | Killed a cyclops
 14918 | D:9      | Found a staircase to the Orcish Mines.
 15077 | D:10     | Entered Level 10 of the Dungeon
 15107 | D:10     | Noticed Erica
 15114 | D:10     | Killed Erica
 15604 | D:10     | Noticed Josephine
 15623 | D:10     | Reached skill level 10 in Fighting
 15637 | D:10     | Killed Josephine
 15651 | D:10     | Gained Bogbrand as an ally
 15711 | D:10     | Reached XP level 12. HP: 44/108 MP: 12/12
 16398 | D:10     | Noticed a two-headed ogre
 16420 | D:10     | Killed a two-headed ogre
 16896 | D:11     | Found Zin's Purification Station.
 16899 | D:11     | Found a glowing silver altar of Zin.
 17047 | D:11     | Reached skill level 10 in Shields
 17199 | D:11     | Reached skill level 1 in Armour
 18179 | D:12     | Gained Bogmar as an ally
 18530 | D:12     | Found a broken altar of Ashenzari.
 18618 | D:12     | Reached skill level 5 in Armour
 18832 | D:12     | Your ally Bogbrand died
 18837 | D:12     | Your ally Bogmar died
 20199 | D:12     | Noticed a boulder beetle
 20219 | D:12     | Killed a boulder beetle
 20220 | D:12     | Reached XP level 13. HP: 77/116 MP: 13/13
 20450 | D:13     | Identified the +10 rapier "Ixin" {holy, Fly rCorr}
 20867 | D:13     | HP: 5/116 [centaur warrior/arrow (3)]
 20867 | D:13     | Shot with an arrow by a centaur warrior

Illustrated notes

Levels and vault maps discovered:
D:1:      erik_arrival_blinker_ship, layout_basic, serial_shops,
          nicolae_shop_hallway_plus, ebering_ecumenical_altar_webs
D:2:      layout_basic, serial_glass, glass_columns_a, glass_columns_c,
          kennysheep_path_1, uniq_natasha
D:3:      layout_basic, serial_shops, nicolae_shop_trees
D:4:      layout_layer_cave, minmay_temple_entry_ruins, serial_shops, shop,
          mrwooster_statue_mirror, hangedman_decor_push, minmay_hedge_maze
D:5:      layout_basic, grunt_gozag_breadcrumbs, lemuel_tele_altar,
          serial_demonic, serial_demonic_g, serial_demonic_b, serial_demonic_e,
          serial_demonic_g, enter_ossuary_2
D:6:      layout_loops_ring, serial_shops, nicolae_shop_trees
D:7:      layout_layer_cave, nzn_wu_jian_contemplation, enter_bailey_2
D:8:      layout_cave_pools, chei_slow_surprise, mainiacjoe_overflow_boulevard,
          dreamdust_wishing_well, grunt_tough_drop
D:9:      layout_stronghold, minmay_lair_entry_grove, orc_0_dummy
D:10:     layout_basic, chequers_serial_rivers_large_a, uniq_josephine,
          uniq_erica
D:11:     layout_basic, zin_purify
D:12:     layout_loops_cross, ashenzari_conservatory_becter
D:13:     layout_cave_pods
Temple:   minmay_crystal_spiral_temple

Skill      XL: |  1  2  3  4  5  6  7  8  9 10 11 12 |
---------------+-------------------------------------+-----
Axes           | 6 7 8 10 12 15 17 18 | 18.7
Fighting       | 7 10 11 | 11.5
Shields        | 5 9 12 | 12.3
Armour         | 7 |  7.2
Dodging        | |  2.4
Stealth        | |  1.5

Action                   |  1- 3 |  4- 6 |  7- 9 | 10-12 | 13-15 || total
-------------------------+-------+-------+-------+-------+-------++-------
Melee: Hand axe          |    95 |   120 |       |       |       ||   215
       Punch             |     1 |       |       |       |       ||     1
       Halberd           |       |    63 |   292 |    59 |       ||   414
       Trident           |       |     7 |       |       |       ||     7
       Broad axe         |       |       |       |   559 |     9 ||   568
Throw: Boomerang         |       |     2 |       |     3 |       ||     5
       Javelin           |       |       |       |     5 |       ||     5
       Dart              |       |       |       |     3 |       ||     3
       Throwing net      |       |       |       |     1 |       ||     1
Invok: Convert to Beogh  |       |       |     1 |       |       ||     1
Evoke: Wand              |       |     1 |    18 |     9 |       ||    28
       Tin of tremorston |       |       |       |       |     2 ||     2
  Use: Potion            |       |     1 |     1 |     8 |     1 ||    11
       Scroll            |       |     1 |     8 |    10 |       ||    19
 Stab: Sleeping          |     2 |     3 |       |       |       ||     5
       Paralysed         |       |       |    12 |       |       ||    12
Armor: Robe              |    29 |    17 |       |       |       ||    46
       Chain mail        |       |    74 |   159 |    51 |       ||   284
       Plate armour      |       |       |       |   274 |     8 ||   282
       Skin              |       |       |       |     3 |       ||     3
Dodge: Dodged            |    71 |    96 |   115 |   114 |     2 ||   398
Block: Kite shield       |       |       |       |   233 |     4 ||   237

Table legend: (Time is in decaauts)
 A = Elapsed time spent in this place.
 B = Non-inter-level travel time spent in this place.
 C = Inter-level travel time spent in this place.
 D = Time resting spent in this place.
 E = Time spent auto-exploring this place.
 F = Levels seen in this place.
 G = Mean time per level.
                   A        B        C        D        E       F      G
               +--------+--------+--------+--------+--------+-----+--------+
         Total |  21347 |  20290 |   1057 |   5079 |  12699 |  16 | 1334.2 |
       Dungeon |  18218 |  17244 |    974 |   3742 |  11505 |  13 | 1401.4 |
        Temple |    220 |    137 |     83 |      0 |    121 |   1 |  220.0 |
       Ossuary |    480 |    480 |      0 |      0 |    285 |   1 |  480.0 |
        Bailey |   2428 |   2428 |      0 |   1337 |    788 |   1 | 2428.0 |
               +--------+--------+--------+--------+--------+-----+--------+

Top non-repeatable levels by time:
    D:12: 2615 daAuts
  Bailey: 2428 daAuts
     D:7: 2010 daAuts
    D:10: 1865 daAuts
     D:2: 1643 daAuts
     D:9: 1495 daAuts
     D:5: 1445 daAuts
     D:6: 1402 daAuts
    D:11: 1328 daAuts
     D:8: 1171 daAuts
     D:4: 1142 daAuts
     D:1: 1068 daAuts
     D:3: 882 daAuts
 Ossuary: 480 daAuts
  Temple: 220 daAuts
